 Seeded DCSS version 0.30-a0-292-g0f741e3f8e (webtiles) character file.

Game seed: 595336457235182616 (custom seed)

170 Iusername the Shield-Bearer (level 5, -2/47 HPs)
             Began as a Minotaur Fighter on Oct 17, 2022.
             Slain by a jelly (3 damage)
             ... on level 4 of the Dungeon.
             The game lasted 00:03:06 (2956 turns).

Iusername the Shield-Bearer (Minotaur Fighter)      Turns: 2956, Time: 00:03:07

Health: -2/47      AC:  0    Str: 22    XL:     5   Next: 26%
Magic:  4/4        EV:  9    Int:  5    God:
Gold:   247        SH:  7    Dex: 16    Spells: 4/4 levels left

rFire   + . .      SeeInvis +    a - +0 war axe
rCold   . . .      Faith    .    k - +2 buckler of Yteaboku {rElec rF+ SInv}
rNeg    . . .      Spirit   .    b - +0 scale mail
rPois   .          Reflect  .    (helmet restricted)
rElec   +          Harm     .    m - +0 cloak
rCorr   .          Rampage  .    (no gloves)
Will    .....                    (no boots)
Stlth   ..........               (no amulet)
HPRegen 0.27/turn                f - +6 ring of dexterity
MPRegen 0.09/turn                (no ring)

@: corroded
A: horns 2, retaliatory headbutt
a: no special abilities


You were on level 4 of the Dungeon.
You visited 1 branch of the dungeon, and saw 4 of its levels.

You collected 247 gold pieces.

Inventory:

Hand Weapons
 a - a +0 war axe (weapon)
Armour
 b - a +0 scale mail (worn)
 k - the +2 buckler of Yteaboku (worn) {rElec rF+ SInv}
   (You acquired it on level 3 of the Dungeon)

   rF:        It protects you from fire.
   rElec:     It insulates you from electricity.
   SInv:      It lets you see invisible.
 m - a +0 cloak (worn)
Jewellery
 f - a +6 ring of dexterity (left hand)
Wands
 h - a wand of paralysis (2)
 n - a wand of quicksilver (7)
Scrolls
 c - a scroll of amnesia {unknown}
 e - 8 scrolls of identify
 g - 2 scrolls of immolation
Potions
 d - a potion of might
 i - a potion of mutation
 j - 2 potions of haste {unknown}


   Skills:
 + Level 4.7 Fighting
 + Level 3.9 Axes
 + Level 4.8 Armour
 + Level 4.8 Shields


You had 4 spell levels left.
You didn't know any spells.
Your spell library contained the following spells:

 Spells                   Type           Power      Damage    Failure   Level
 Kiss of Death            Conj/Necr      0%         2d5       86%         1
 Confusing Touch          Hex            0%         N/A       99%         3
 Dazzling Flash           Conj/Hex       0%         N/A       99%         3
 Frozen Ramparts          Ice            0%         1d1       99%         3
 Dispel Undead            Necr           0%         3d6       100%        4
 Ice Form                 Ice/Tmut       0%         N/A       100%        4
 Summon Ice Beast         Ice/Summ       0%         N/A       100%        4
 Agony                    Necr           0%         N/A       100%        5
 Silence                  Hex/Air        0%         N/A       100%        5


Dungeon Overview and Level Annotations

Branches:
Dungeon (4/15)
 Temple: D:4-7

Altars:
Trog
Xom

Shops:
D:1 (


Innate Abilities, Weirdness & Mutations

You have a pair of horns on your head.
You reflexively headbutt those who attack you in melee.


Message History

There are monsters nearby!
You hit the jelly. The acid corrodes you!
Your hands burn!
The jelly is lightly wounded.
The jelly hits you but does no damage. The jelly hits you.
The acid corrodes you!
You are splashed with acid!
There are monsters nearby!
You slash the jelly!
Your hands burn!
The jelly is moderately wounded.
You block the jelly's attack.
There are monsters nearby!
You slash the jelly!
Your hands burn!
The jelly is severely wounded.
You block the jelly's attack.
There are monsters nearby!
You slash the jelly!
Your hands burn!
The jelly is almost dead.
The jelly barely misses you. The white imp closely misses you.
The jelly hits you.
You are splashed with acid!
* * * LOW HITPOINT WARNING * * *
There are monsters nearby!
You are too injured to fight recklessly!
There are monsters nearby!
You are too injured to fight recklessly!
There are monsters nearby!
Unknown command.
You hit the jelly but do no damage.
Your hands burn!
* * * LOW HITPOINT WARNING * * *
You headbutt the jelly, but do no damage.
The jelly is almost dead.
You barely miss the white imp. You block the jelly's attack.
The white imp hits you.
* * * LOW HITPOINT WARNING * * *
The white imp freezes you.
* * * LOW HITPOINT WARNING * * *
It was a potion of curing.
You feel better. The white imp gestures at you. The puff of frost hits you!
* * * LOW HITPOINT WARNING * * *
The jelly hits you.
You die...

#..##..##.....#
#......###'#..#
#......##..####
#...........#
#...........#
##'###..#..##
#..#########
#>........
#@....###.
....~.J5.~....#
#...~~~...~~~...
≈≈≈~~~~~~≈≈~~~≈≈
≈≈≈~~~~.~~~~~~≈≈
#.......~..~....
..#..~.~.......#
####~.~....~..#


You could see a jelly and a white imp.

Vanquished Creatures
  Crazy Yiuf (D:3)
  Jessica (D:3)
  4 adders
  A worm (D:2)
  2 dart slugs (D:1)
  6 ball pythons
  4 endoplasms
  11 goblins
  5 hobgoblins
  7 jackals
  12 kobolds
  4 quokkas
  5 bats (D:1)
  2 frilled lizards (D:2)
  3 rats (D:3)
68 creatures vanquished.

Vanquished Creatures (others)
  A plant (D:2)
1 creature vanquished.

Grand Total: 69 creatures vanquished

Notes
Turn   | Place    | Note
-------+----------+-------------------------------------------
     0 | D:1      | Iusername the Minotaur Fighter began the quest for the Orb.
     0 | D:1      | Reached XP level 1. HP: 19/19 MP: 0/0
    94 | D:1      | Reached XP level 2. HP: 25/27 MP: 1/1
   246 | D:1      | Found Kattatzi's Antique Weapon Boutique.
   279 | D:2      | Reached XP level 3. HP: 33/33 MP: 2/2
   407 | D:2      | Found a faded altar of an unknown god.
   789 | D:2      | Reached XP level 4. HP: 41/41 MP: 3/3
  1395 | D:3      | Paralysed by a hobgoblin for 3 turns
  1557 | D:3      | Noticed Jessica
  1566 | D:3      | Killed Jessica
  1936 | D:3      | Found a bloodstained altar of Trog.
  1936 | D:3      | Found a shimmering altar of Xom.
  1983 | D:3      | Found a runed translucent door.
  1984 | D:3      | Noticed Crazy Yiuf
  2488 | D:3      | Identified a scroll of acquirement
  2488 | D:3      | Acquired the +2 buckler of Yteaboku {rElec rF+ SInv}
  2505 | D:3      | Killed Crazy Yiuf
  2506 | D:3      | Reached XP level 5. HP: 25/47 MP: 4/4
  2956 | D:4      | HP: 1/47 [white imp/puff of frost (10)]
  2956 | D:4      | Slain by a jelly

Illustrated notes

Levels and vault maps discovered:
D:1:      ebering_trefoil_3fold, layout_rooms, serial_shops, shop,
          minmay_3d_cube
D:2:      layout_loops_cross, dreamdust_ecumenical_altar_grove, minmay_cut_off
D:3:      layout_loops_corners, gammafunk_temple_overflow_elements,
          uniq_jessica, uniq_crazy_yiuf_cottage
D:4:      layout_gridville, chequers_serial_rivers_small_3

Skill      XL: |  1  2 |
---------------+-------+-----
Shields        | 4 |  4.8
Armour         | 4 |  4.8
Fighting       | 4 |  4.7
Axes           | 3 |  3.9

Action                   |  1- 3 |  4- 6 || total
-------------------------+-------+-------++-------
Melee: War axe           |    96 |    58 ||   154
       Headbutt          |    12 |     9 ||    21
  Use: Scroll            |       |     4 ||     4
       Potion            |       |     1 ||     1
Armor: Scale mail        |    66 |    15 ||    81
Dodge: Dodged            |    46 |    19 ||    65
Block: Buckler           |    27 |    17 ||    44

Table legend: (Time is in decaauts)
 A = Elapsed time spent in this place.
 B = Non-inter-level travel time spent in this place.
 C = Inter-level travel time spent in this place.
 D = Time resting spent in this place.
 E = Time spent auto-exploring this place.
 F = Levels seen in this place.
 G = Mean time per level.
                   A        B        C        D        E       F      G
               +--------+--------+--------+--------+--------+-----+--------+
         Total |   3014 |   2856 |    158 |    200 |   2199 |   4 |  753.5 |
       Dungeon |   3014 |   2856 |    158 |    200 |   2199 |   4 |  753.5 |
               +--------+--------+--------+--------+--------+-----+--------+

Top non-repeatable levels by time:
     D:3: 1332 daAuts
     D:2: 913 daAuts
     D:1: 460 daAuts
     D:4: 307 daAuts
